 Dungeon Crawl Stone Soup version 0.31-a0-716-gc7603755dd (webtiles) character file.

Game seed: 1877073110687061830

117 garrulousMonolith the Vexing (level 5, -2/40 HPs)
             Began as a Gnoll Hexslinger on Sept 10, 2023.
             Slain by Terence
             ... wielding a +0 flail
              (5 damage)
             ... on level 2 of the Dungeon.
             The game lasted 00:04:52 (1679 turns).

garrulousMonolith the Vexing (Gnoll Hexslinger)     Turns: 1679, Time: 00:04:53

Health: -2/40      AC:  4    Str:  6 (7)  XL:     5   Next: 1%
Magic:  5/9        EV: 12    Int: 13 (14) God:
Gold:   81         SH:  0    Dex: 12 (15) Spells: 5/10 levels left

rFire   . . .        a - +1 sling
rCold   . . .        (no shield)
rNeg    . . .        l - +0 leather armour
rPois   .            (no helmet)
rElec   .            (no cloak)
rCorr   .            (no gloves)
SInv    .            f - +0 pair of boots
Will    +....        (no amulet)
Stlth   +            k - ring of willpower
HPRegen 0.26/turn    (no ring)
MPRegen 0.11/turn

%: no passive effects
@: mighty
A: fangs 1, strong nose, distributed training
a: no special abilities


You were on level 2 of the Dungeon.
You visited 1 branch of the dungeon, and saw 2 of its levels.

You collected 81 gold pieces.

Inventory:

Hand Weapons
 a - a +1 sling (weapon)
Missiles
 p - 3 poisoned darts
Armour
 c - a +0 robe
 f - a +0 pair of boots (worn)
 j - an orb of mayhem
 l - a +0 leather armour (worn)
Jewellery
 k - a ring of willpower (left hand)
Scrolls
 b - a scroll of poison
 d - a scroll of teleportation {unknown}
 h - a scroll of acquirement {unknown}
 i - a scroll of noise {unknown}
 m - a scroll of vulnerability {unknown}


   Skills:
 + Level 2.9 Fighting
 + Level 1.3 Short Blades
 + Level 1.3 Long Blades
 + Level 1.3 Axes
 + Level 1.3 Maces & Flails
 + Level 1.3 Polearms
 + Level 1.3 Staves
 + Level 4.7 Ranged Weapons
 + Level 1.3 Throwing
 + Level 1.3 Armour
 + Level 4.7 Dodging
 + Level 1.3 Stealth
 + Level 1.3 Shields
 + Level 1.3 Unarmed Combat
 + Level 3.1 Spellcasting
 + Level 1.1 Conjurations
 + Level 5.5 Hexes
 + Level 1.1 Summonings
 + Level 1.1 Necromancy
 + Level 1.1 Translocations
 + Level 1.1 Transmutations
 + Level 2.3 Fire Magic
 + Level 1.1 Ice Magic
 + Level 1.1 Air Magic
 + Level 1.1 Earth Magic
 + Level 1.1 Poison Magic
 + Level 1.5 Invocations
 + Level 1.3 Evocations
 + Level 1.2 Shapeshifting


You had 5 spell levels left.
You knew the following spells:

 Your Spells              Type           Power      Damage    Failure   Level
a - Jinxbite              Hex            32%        N/A       5%          2
b - Sigil of Binding      Hex            16%        N/A       11%         3

Your spell library contained the following spells:

 Spells                   Type           Power      Damage    Failure   Level
 Inner Flame              Hex/Fire       12%        N/A       22%         3
 Cause Fear               Hex            8%         N/A       36%         4
 Dimensional Bullseye     Hex/Tloc       5%         N/A       65%         4


Dungeon Overview and Level Annotations

Branches:
Dungeon (2/15)

Altars:

Annotations:
D:2 Terence


Innate Abilities, Weirdness & Mutations

You have very sharp teeth.
Your uncanny sense of smell can sniff out nearby items.
Your experience applies equally to all skills.


Message History

Fire: a) +1 sling
Press: ? - help, Q - select action, (/) - cycle Shift-Dir - straight line, f/p - Terence
Aim: Terence, wielding a +0 flail, wearing a +0 chain mail and quivering stones (heavily wounded, 68% to hit)
Okay, then.
It was a potion of degeneration.
There was something very wrong with that liquid.
You feel weakened.
You feel dopey.
You feel clumsy. Terence closely misses you.
It was a potion of attraction.
You feel attractive to monsters. Terence hits you with a +0 flail!
* * * LOW HITPOINT WARNING * * *
It was a potion of cancellation.
Your magical effects are unravelling.
You feel magically purged. Terence hits you with a +0 flail.
* * * LOW HITPOINT WARNING * * *
You feel less attractive to monsters.
It was a potion of might.
You feel very mighty all of a sudden. Terence closely misses you.
Fire: a) +1 sling
Press: ? - help, Q - select action, (/) - cycle Shift-Dir - straight line, f/p - Terence
Aim: Terence, wielding a +0 flail, wearing a +0 chain mail and quivering stones (heavily wounded, 67% to hit)
You shoot a sling bullet.
The sling bullet hits Terence but does no damage.
Terence is heavily wounded.
Terence closely misses you.
Fire: a) +1 sling
Press: ? - help, Q - select action, (/) - cycle Shift-Dir - straight line, f/p - Terence
Aim: Terence, wielding a +0 flail, wearing a +0 chain mail and quivering stones (heavily wounded, 67% to hit)
You shoot a sling bullet.
The sling bullet closely misses Terence.
Terence barely misses you.
Fire: a) +1 sling
Press: ? - help, Q - select action, (/) - cycle Shift-Dir - straight line, f/p - Terence
Aim: Terence, wielding a +0 flail, wearing a +0 chain mail and quivering stones (heavily wounded, 67% to hit)
You shoot a sling bullet. The sling bullet hits Terence.
Terence is severely wounded.
Terence closely misses you. Terence hits you with a +0 flail.
You die...

##......................
#.............$.........
#......>^............#..
#............รท..#...##
. #.........[..[..#####
#..................
#...............###
##......@<)....##
##....@#...^.##
#############


You could see Terence.

Vanquished Creatures
  Jessica (D:2)
  Natasha (twice) (D:1)
  A dart slug (D:1)
  8 endoplasms
  A giant cockroach (D:1)
  3 hobgoblins
  4 jackals (D:1)
  2 quokkas (D:1)
  2 ball pythons (D:1)
  3 bats (D:1)
  2 frilled lizards (D:1)
  4 kobolds
  6 rats
39 creatures vanquished.

Notes
Turn   | Place    | Note
-------+----------+-------------------------------------------
     0 | D:1      | garrulousMonolith the Gnoll Hexslinger began the quest for
                  | the Orb.
     0 | D:1      | Reached XP level 1. HP: 17/17 MP: 4/4
   261 | D:1      | Reached XP level 2. HP: 23/23 MP: 5/5
   264 | D:1      | Learned a level 2 spell: Jinxbite
   605 | D:1      | Reached XP level 3. HP: 28/28 MP: 7/7
   609 | D:1      | Learned a level 3 spell: Sigil of Binding
   609 | D:1      | Found a faded altar of an unknown god.
  1236 | D:2      | Reached skill level 1 in Invocations
  1247 | D:2      | Noticed Jessica
  1251 | D:2      | Killed Jessica
  1251 | D:2      | Noticed Natasha
  1252 | D:2      | Reached skill level 1 in Short Blades
  1252 | D:2      | Reached skill level 1 in Long Blades
  1252 | D:2      | Reached skill level 1 in Axes
  1252 | D:2      | Reached skill level 1 in Maces & Flails
  1252 | D:2      | Reached skill level 1 in Polearms
  1252 | D:2      | Reached skill level 1 in Staves
  1252 | D:2      | Reached skill level 1 in Throwing
  1252 | D:2      | Reached skill level 1 in Armour
  1252 | D:2      | Reached skill level 1 in Stealth
  1252 | D:2      | Reached skill level 1 in Shields
  1252 | D:2      | Reached skill level 1 in Unarmed Combat
  1252 | D:2      | Reached skill level 1 in Evocations
  1252 | D:2      | Reached skill level 1 in Shapeshifting
  1252 | D:2      | Reached XP level 4. HP: 25/34 MP: 8/8
  1266 | D:1      | Killed Natasha
  1267 | D:1      | Reached skill level 1 in Conjurations
  1267 | D:1      | Reached skill level 1 in Summonings
  1267 | D:1      | Reached skill level 1 in Necromancy
  1267 | D:1      | Reached skill level 1 in Translocations
  1267 | D:1      | Reached skill level 1 in Transmutations
  1267 | D:1      | Reached skill level 1 in Ice Magic
  1267 | D:1      | Reached skill level 1 in Air Magic
  1267 | D:1      | Reached skill level 1 in Earth Magic
  1267 | D:1      | Reached skill level 1 in Poison Magic
  1329 | D:2      | Noticed Terence
  1433 | D:1      | Noticed Natasha
  1448 | D:1      | Killed Natasha
  1449 | D:1      | Reached XP level 5. HP: 17/40 MP: 9/9
  1675 | D:2      | HP: 2/40 [Terence/+0 flail (4)]
  1679 | D:2      | Slain by Terence

Illustrated notes

Levels and vault maps discovered:
D:1:      elethiomel_arrival_maze, layout_loops_ring,
          ebering_ecumenical_altar_rust, corexii_item_surrounded_by_moat
D:2:      layout_rooms, basic_altar, minmay_pentomino_s2, uniq_jessica,
          uniq_natasha, uniq_terence

Skill      XL: |  1  2  3  4 |
---------------+-------------+-----
Fire Magic     | 2 |  2.3
Invocations    | 1 |  1.5
Short Blades   | 1 |  1.3
Long Blades    | 1 |  1.3
Axes           | 1 |  1.3
Maces & Flails | 1 |  1.3
Polearms       | 1 |  1.3
Staves         | 1 |  1.3
Throwing       | 1 |  1.3
Armour         | 1 |  1.3
Stealth        | 1 |  1.3
Shields        | 1 |  1.3
Unarmed Combat | 1 |  1.3
Evocations     | 1 |  1.3
Shapeshifting  | 1 |  1.2
Spellcasting   | 3 |  3.1
Conjurations   | 1 |  1.1
Summonings     | 1 |  1.1
Necromancy     | 1 |  1.1
Translocations | 1 |  1.1
Transmutations | 1 |  1.1
Ice Magic      | 1 |  1.1
Air Magic      | 1 |  1.1
Earth Magic    | 1 |  1.1
Poison Magic   | 1 |  1.1
Fighting       | |  2.9
Ranged Weapons | |  4.7
Dodging        | |  4.7
Hexes          | |  5.5

Action                     |  1- 3 |  4- 6 || total
---------------------------+-------+-------++-------
   Fire: Sling             |    89 |    55 ||   144
   Cast: Jinxbite          |     5 |     1 ||     6
         Sigil of Binding  |       |     1 ||     1
    Use: Potion            |       |     4 ||     4
 Armour: Robe              |     7 |       ||     7
         Leather armour    |    12 |    25 ||    37
  Dodge: Dodged            |    29 |    42 ||    71

Table legend: (Time is in decaauts)
 A = Elapsed time spent in this place.
 B = Non-inter-level travel time spent in this place.
 C = Inter-level travel time spent in this place.
 D = Time resting spent in this place.
 E = Time spent auto-exploring this place.
 F = Levels seen in this place.
 G = Mean time per level.
                   A        B        C        D        E       F      G
               +--------+--------+--------+--------+--------+-----+--------+
         Total |   1714 |   1629 |     85 |    472 |    815 |   2 |  857.0 |
       Dungeon |   1714 |   1629 |     85 |    472 |    815 |   2 |  857.0 |
               +--------+--------+--------+--------+--------+-----+--------+

Top non-repeatable levels by time:
     D:1: 1582 daAuts
     D:2: 131 daAuts
